 Dungeon Sprint DCSS version 0.22-a0-460-g49b1da7 (webtiles) character file.

30253 emperorscorpion the Demonic Blade (level 13, -3/121 HPs)
             Began as a Demonspawn Berserker on June 10, 2018.
             Was the Champion of Trog.
             Slain by a moth of wrath (7 damage)
             ... called by a spriggan druid
             ... in the Dungeon (Sprint IX: "|||||||||||||||||||||||||||||").
             The game lasted 00:18:44 (1501 turns).

emperorscorpion the Demonic Blade (DsBe)            Turns: 1501, Time: 00:18:44

Health: -3/121     AC: 26    Str: 20    XL:     13   Next: 19%
Magic:  4/5        EV: 14    Int: 10    God:    Trog [******]
Gold:   893        SH:  0    Dex: 17    Spells: 12/12 levels left

rFire    . . .     SeeInvis +   a - +7 triple sword (antimagic)
rCold    . . .     Gourm    .   (shield currently unavailable)
rNeg     . . .     Faith    .   N - +2 plate armour
rPois    .         Spirit   .   F - +2 helmet {SInv}
rElec    .         Reflect  .   (no cloak)
rCorr    .         Harm     .   O - +1 pair of gloves
MR       .....     NoTele   +   (boots unavailable)
Stlth    ..........             (no amulet)
HPRegen  0.30/turn              r - +2 ring of protection
MPRegen  0.09/turn              s - +3 ring of dexterity

@: lethally poisoned (-3 -> -4)
A: hooves 3, repulsion field 2, demonic guardian 1, spiny 2
a: Berserk, Trog's Hand, Brothers in Arms, Renounce Religion


You were in the Dungeon.
You worshipped Trog.
Trog was exalted by your worship.
You were not hungry.

You visited 1 branch You collected 1909 gold pieces.
You spent 1016 gold pieces at shops.

Inventory:

Hand Weapons
 a - a +7 antimagic triple sword (weapon)
 b - a +2 scimitar of flaming
 n - a +0 falchion
 y - a +0 arbalest of freezing
 B - a +5 antimagic quick blade
 I - a +6 antimagic great sword
 P - a +2 antimagic great sword
Missiles
 m - 15 javelins
 t - 6 needles of confusion
 x - 59 arrows
 D - 7 silver javelins
 E - 15 javelins of penetration (quivered)
Armour
 p - a +0 pair of boots
 q - a +1 chain mail
 A - a +0 helmet
 C - a +0 animal skin
 F - a +2 helmet of see invisible (worn)
 N - a +2 plate armour (worn)
 O - a +1 pair of gloves (worn)
Jewellery
 r - a +2 ring of protection (left hand)
 s - a +3 ring of dexterity (right hand)
 J - an uncursed ring of ice
 K - an uncursed ring of protection from cold
 L - an uncursed ring of protection from fire
 M - an uncursed ring of fire
Scrolls
 i - 2 scrolls of blinking
 l - 4 scrolls of remove curse
 o - 2 scrolls of enchant armour
 v - 2 scrolls of fog
 w - 3 scrolls of fear
 z - 4 scrolls of identify
Potions
 d - 7 potions of curing
 e - 7 potions of heal wounds
 f - 3 potions of haste
 g - 4 potions of magic
 h - a potion of berserk rage
 k - a potion of invisibility
 u - a potion of cancellation
 G - 3 potions of mutation
Miscellaneous
 H - a fan of gales
Comestibles
 c - 10 rations
 j - 2 chunks of flesh


   Skills:
 + Level 17.5 Fighting
 * Level 21.3 Long Blades
 + Level 4.2 Throwing
 + Level 13.2 Armour
 + Level 7.7 Dodging
 + Level 4.5 Evocations


You had 12 spell levels left.
You didn't know any spells.
Your spell library was empty.

Dungeon Overview and Level Annotations

Branches:
Dungeon (1/1)

Altars:
Cheibriados
Dithmenos
Elyvilon
Fedhas
Gozag
Hepliaklqana
Kikubaaqudgha
Makhleb
Nemelex Xobeh
Okawaru
Qazlal
Ru
Sif Muna
Trog
Uskayaw
Vehumet
Wu Jian
Xom
Yredelemnul
Zin
The Shining One
Beogh
Jiyva
Lugonu

Shops:
D [*[=


Innate Abilities, Weirdness & Mutations

You have hooves in place of feet.
You are surrounded by a moderate repulsion field. (EV +3)
A weak demonic guardian rushes to your aid.
You are mostly covered in sharp spines.


Message History

You feel less resistant to hostile enchantments.
You feel sick.
x - 57 arrows (gained 2)
You feel sick.
You feel sick.
x - 59 arrows (gained 2)
You feel sick.
A moth of wrath comes into view.
Items here: ( )) [ an arrow; a flail x2; a robe You feel sick.
The moth of wrath's fur bristles in rage as it notices you.
There is an open door to the Snake Pit, spattered with blood here.
You see here a runed triple sword {god gift}.
You feel sick.
You slice the moth of wrath!!
The moth of wrath is severely wounded.
The moth of wrath is struck by your spines.
The moth of wrath bites you!
You die...

'▓.▓'▓.▓÷▓(▓(▓.▓)▓
_▓.▓.▓.▓(▓(▓(▓.▓)▓
_▓.▓†▓.▓.▓.▓.▓.▓.▓
_▓.▓.▓.▓(▓.▓.▓.▓.▓
_▓.▓.▓.▓(▓)▓.▓.▓.▓
_▓.▓†▓.▓.▓.▓.▓.▓(▓
_▓.▓†▓.▓.▓.▓)▓.▓5▓
_▓.▓.▓.▓.▓.▓)▓.♣5♣
_▓.▓)▓.▓.▓.▓.▓.♣@♣
_▓.▓.▓.▓[▓.▓.▓.♣y♣
_▓.▓†▓.▓)▓.▓.▓.♣.♣
_▓.▓.▓.▓)▓.▓[▓.♣.♣
_▓.▓.▓.▓)▓.▓)▓.♣.♣
_▓.▓÷▓.▓)▓.▓(▓.♣†♣
_▓.▓.▓.▓)▓.▓[▓.♣.♣
_▓.▓.▓.▓.▓.▓[▓.♣.♣
_▓.▓.▓.▓.▓.▓[▓.♣†♣


You could see a moth of wrath, a friendly quasit and a friendly white imp.

Vanquished Creatures
  Gastronok (D)
  A stone giant (D)
  A very ugly thing (D)
  An ettin (D)
  A merfolk javelineer (D)
  2 merfolk impalers (D)
  2 catoblepae (D)
  A hydra (D)
  A merfolk avatar (D)
  A naga warrior (D)
  A deep troll earth mage (D)
  A naga sharpshooter (D)
  A sea snake (D)
  A spriggan druid (D)
  2 swamp dragons (D)
  A deep troll (D)
  An orc knight (D)
  A shambling mangrove (D)
  2 mana vipers (D)
  A manticore (D)
  3 naga magi (D)
  A water nymph (D)
  Joseph (D)
  3 spiny frogs (D)
  A black mamba (D)
  A gargoyle (D)
  2 rime drakes (D)
  2 komodo dragons (D)
  4 trolls (D)
  A wind drake (D)
  A hippogriff (D)
  A wraith (D)
  A shadow (D)
  3 yaks (D)
  A vampire mosquito (D)
  A naga (D)
  A water moccasin (D)
  2 porcupines (D)
  12 orc warriors (D)
  An ice beast (D)
  An ogre (D)
  A wolf (D)
  A centaur (D)
  3 crocodiles (D)
  2 bullfrogs (D)
  A crimson imp (D)
  A quasit (D)
  A jelly (D)
  3 orc wizards (D)
  3 orc priests (D)
  3 hounds (D)
  A worker ant (D)
  An adder (D)
  A shadow imp (D)
  5 orcs (D)
  A bat skeleton (D)
  2 hobgoblins (D)
  A quokka (D)
  A bat (D)
  2 kobolds (D)
  2 leopard gecko zombies (D)
104 creatures vanquished.

Vanquished Creatures (collateral kills)
  A lich (D)
  2 stone giants (D)
  5 ogre magi (D)
  A catoblepas (D)
  2 hydras (D)
  A centaur warrior (D)
  3 death yaks (D)
  A tengu warrior (D)
  A deep troll (D)
  A manticore (D)
  2 trolls (D)
  A slime creature (D)
  A hippogriff (D)
  2 yaks (D)
  A vampire mosquito (D)
  A bullfrog (D)
26 creatures vanquished.

Vanquished Creatures (others)
  A spatial maelstrom (D)
1 creature vanquished.

Grand Total: 131 creatures vanquished

Notes
Turn   | Place    | Note
-------+----------+-------------------------------------------
     0 | D        | emperorscorpion the Demonspawn Berserker began the quest for the Orb.
     0 | D        | Reached XP level 1. HP: 18/18 MP: 1/1
     6 | D        | Reached skill level 3 in Long Blades
     8 | D        | Reached ** piety under Trog
     8 | D        | Banished a spatial maelstrom
    17 | D        | Noticed a hound
    17 | D        | Noticed a hound
    17 | D        | Noticed a hound
    21 | D        | Gained mutation: You are surrounded by a mild repulsion field. (EV +2) [demonic ancestry]
    21 | D        | Reached XP level 2. HP: 25/25 MP: 2/2
    23 | D        | Reached *** piety under Trog
    23 | D        | Reached skill level 5 in Fighting
    23 | D        | Reached skill level 4 in Long Blades
    23 | D        | Gained mutation: A weak demonic guardian rushes to your aid. [demonic ancestry]
    23 | D        | Reached XP level 3. HP: 33/33 MP: 3/3
    26 | D        | Reached skill level 5 in Long Blades
    26 | D        | Reached XP level 4. HP: 39/39 MP: 4/4
    31 | D        | Reached skill level 6 in Long Blades
    42 | D        | Found a roughly hewn altar of Beogh.
    42 | D        | Found a snail-covered altar of Cheibriados.
    42 | D        | Found a shadowy altar of Dithmenos.
    42 | D        | Found a white marble altar of Elyvilon.
    42 | D        | Found a blossoming altar of Fedhas.
    42 | D        | Found an opulent altar of Gozag.
    43 | D        | Found a hazy altar of Hepliaklqana.
    44 | D        | Found a viscous altar of Jiyva.
    45 | D        | Found an ancient bone altar of Kikubaaqudgha.
    46 | D        | Found a corrupted altar of Lugonu.
    47 | D        | Found a burning altar of Makhleb.
    48 | D        | Found a sparkling altar of Nemelex Xobeh.
    49 | D        | Found an iron altar of Okawaru.
    50 | D        | Found a stormy altar of Qazlal.
    51 | D        | Found a sacrificial altar of Ru.
    52 | D        | Found a deep blue altar of Sif Muna.
    53 | D        | Found a bloodstained altar of Trog.
    54 | D        | Found a hide-covered altar of Uskayaw.
    55 | D        | Found a radiant altar of Vehumet.
    56 | D        | Found an ornate altar of the Wu Jian Council.
    57 | D        | Found a shimmering altar of Xom.
    58 | D        | Found a basalt altar of Yredelemnul.
    59 | D        | Found a glowing silver altar of Zin.
    60 | D        | Found a glowing golden altar of the Shining One.
   111 | D        | Noticed a gargoyle
   111 | D        | Noticed a troll
   112 | D        | Reached **** piety under Trog
   116 | D        | Killed a troll
   116 | D        | Reached skill level 9 in Long Blades
   116 | D        | Gained mutation: You have large cloven feet. [demonic ancestry]
   116 | D        | Reached XP level 5. HP: 49/49 MP: 5/5
   116 | D        | Gained mutation: You have hoof-like feet. [demonic ancestry]
   116 | D        | Reached XP level 6. HP: 56/56 MP: 6/6
   117 | D        | Killed a gargoyle
   117 | D        | Reached skill level 10 in Long Blades
   117 | D        | Gained mutation: You are surrounded by a moderate repulsion field. (EV +3) [demonic ancestry]
   117 | D        | Reached XP level 7. HP: 64/64 MP: 7/7
   125 | D        | Reached ***** piety under Trog
   160 | D        | Noticed a yak
   160 | D        | Noticed a shadow
   160 | D        | Noticed a wraith
   173 | D        | Killed a wraith
   173 | D        | Reached skill level 11 in Long Blades
   173 | D        | Reached skill level 5 in Armour
   173 | D        | Reached skill level 5 in Dodging
   179 | D        | Killed a shadow
   179 | D        | Reached skill level 10 in Fighting
   182 | D        | Killed a yak
   182 | D        | Gained mutation: You are partially covered in sharp spines. [demonic ancestry]
   182 | D        | Reached XP level 8. HP: 72/72 MP: 8/8
   185 | D        | Received a gift from Trog
   191 | D        | Reached skill level 12 in Long Blades
   307 | D        | Noticed a komodo dragon
   307 | D        | Noticed a spiny frog
   308 | D        | Received a gift from Trog
   323 | D        | Noticed a rime drake
   325 | D        | Killed a spiny frog
   325 | D        | Reached skill level 13 in Long Blades
   331 | D        | Killed a komodo dragon
   331 | D        | Gained mutation: You are mostly covered in sharp spines. [demonic ancestry]
   331 | D        | Reached XP level 9. HP: 38/81 MP: 9/9
   334 | D        | Reached ****** piety under Trog
   336 | D        | Killed a rime drake
   336 | D        | Reached skill level 14 in Long Blades
   379 | D        | Noticed a rime drake
   379 | D        | Noticed a komodo dragon
   379 | D        | Noticed a black mamba
   385 | D        | Killed a black mamba
   389 | D        | Noticed a spiny frog
   400 | D        | Killed a komodo dragon
   405 | D        | Killed a rime drake
   408 | D        | Reached skill level 15 in Long Blades
   418 | D        | Killed a spiny frog
   418 | D        | Reached skill level 1 in Evocations
   418 | D        | Reached XP level 10. HP: 63/91 MP: 10/10
   437 | D        | Noticed a death yak
   437 | D        | Noticed a catoblepas
   437 | D        | Noticed a catoblepas
   437 | D        | Noticed a death yak
   437 | D        | Noticed a catoblepas
   438 | D        | Noticed a death yak
   443 | D        | Killed a catoblepas
   468 | D        | Killed a death yak
   475 | D        | Killed a catoblepas
   475 | D        | Reached skill level 16 in Long Blades
   516 | D        | Killed a catoblepas
   516 | D        | Received a gift from Trog
   527 | D        | Killed a death yak
   530 | D        | Killed a death yak
   692 | D        | Received a gift from Trog
   694 | D        | Noticed an ettin
   711 | D        | Killed an ettin
   711 | D        | Gained mutation: You have hooves in place of feet. [demonic ancestry]
   711 | D        | Reached XP level 11. HP: 79/100 MP: 12/12
   714 | D        | Received a gift from Trog
   764 | D        | Noticed an orc knight
   780 | D        | Reached skill level 17 in Long Blades
   785 | D        | Killed an orc knight
   785 | D        | Reached skill level 10 in Armour
   825 | D        | Found Qutwog's Jewellery Boutique.
   825 | D        | Noticed an ogre mage
   825 | D        | Noticed an ogre mage
   825 | D        | Noticed a stone giant
   826 | D        | Noticed an ogre mage
   827 | D        | Received a gift from Trog
   830 | D        | Killed a stone giant
   834 | D        | Killed an ogre mage
   836 | D        | Killed an ogre mage
   838 | D        | Killed an ogre mage
   838 | D        | Received a gift from Trog
   838 | D        | Reached skill level 15 in Fighting
   840 | D        | Found Fiatyfam's Armour Shop.
   844 | D        | Noticed an ogre mage
   847 | D        | Found Ukuner's General Store.
   847 | D        | Noticed a stone giant
   849 | D        | Noticed a deep troll
   854 | D        | Killed a stone giant
   856 | D        | Killed an ogre mage
   856 | D        | Received a gift from Trog
   856 | D        | Received a gift from Trog
   859 | D        | Killed a deep troll
   864 | D        | Found Bus Ruos's Armour Shop.
   868 | D        | Noticed a deep troll
   876 | D        | Killed a deep troll
   876 | D        | Received a gift from Trog
   882 | D        | Bought a +2 helmet of see invisible for 301 gold pieces
   894 | D        | Bought a scroll of identify for 26 gold pieces
   894 | D        | Bought a potion of mutation for 104 gold pieces
   894 | D        | Bought a fan of gales for 520 gold pieces
   894 | D        | Bought a potion of heal wounds for 65 gold pieces
   952 | D        | Noticed Joseph
   961 | D        | Killed Joseph
   978 | D        | Noticed Gastronok
   992 | D        | Killed Gastronok
   992 | D        | Reached skill level 18 in Long Blades
  1100 | D        | Reached XP level 12. HP: 102/111 MP: 4/14
  1101 | D        | Received a gift from Trog
  1107 | D        | Noticed a brown very ugly thing
  1109 | D        | Noticed a lich
  1112 | D        | Noticed a stone giant
  1120 | D        | Noticed a tengu warrior
  1123 | D        | Noticed an ogre mage
  1126 | D        | Noticed a centaur warrior
  1129 | D        | Killed a brown very ugly thing
  1157 | D        | Killed a lich
  1157 | D        | Received a gift from Trog
  1157 | D        | Reached skill level 19 in Long Blades
  1159 | D        | Killed a stone giant
  1162 | D        | Killed a tengu warrior
  1164 | D        | Killed an ogre mage
  1166 | D        | Killed a centaur warrior
  1192 | D        | Noticed a deep troll earth mage
  1198 | D        | Killed a deep troll earth mage
  1198 | D        | Received a gift from Trog
  1198 | D        | Reached skill level 1 in Throwing
  1298 | D        | Noticed a merfolk javelineer
  1298 | D        | Noticed a merfolk impaler
  1298 | D        | Noticed a merfolk avatar
  1298 | D        | Noticed a merfolk impaler
  1305 | D        | Killed a merfolk impaler
  1317 | D        | Killed a merfolk impaler
  1317 | D        | Reached skill level 20 in Long Blades
  1323 | D        | Killed a merfolk avatar
  1326 | D        | Received a gift from Trog
  1331 | D        | Killed a merfolk javelineer
  1348 | D        | Noticed a six-headed hydra
  1349 | D        | Received a gift from Trog
  1381 | D        | Killed a nine-headed hydra
  1383 | D        | Received a gift from Trog
  1409 | D        | Noticed a six-headed hydra
  1415 | D        | Killed a seven-headed hydra
  1415 | D        | Reached XP level 13. HP: 50/120 MP: 5/16
  1458 | D        | Reached skill level 21 in Long Blades
  1461 | D        | Received a gift from Trog
  1484 | D        | HP: 6/121 [poisoned by a naga mage (bolt of poison)]
  1494 | D        | HP: 6/121 [poisoned by a naga mage (bolt of poison)]
  1500 | D        | HP: 4/121 [poisoned by a naga mage (bolt of poison)]
  1501 | D        | Slain by a moth of wrath

Vault maps used:
D:        linesprint

Skill      XL: |  1  2  3  4  5  6  7  8  9 10 11 12 13 |
---------------+----------------------------------------+-----
Long Blades    | 3 4 5 9 10 11 13 15 16 18 20 21 | 21.3
Armour         | 2 4 5 6 7 9 11 12 13 | 13.2
Dodging        | 2 4 5 6 7 |  7.7
Fighting       | 4 5 8 9 10 11 12 14 16 17 | 17.5
Evocations     | 1 2 3 4 |  4.5
Throwing       | 3 4 |  4.2

Action                   |  1- 3 |  4- 6 |  7- 9 | 10-12 | 13-15 || total
-------------------------+-------+-------+-------+-------+-------++-------
Melee: Falchion          |    15 |     7 |       |       |       ||    22
       Scimitar          |       |     5 |    80 |    76 |       ||   161
       Kick              |       |       |       |    55 |    10 ||    65
       Triple sword      |       |       |       |    79 |    24 ||   103
       Great sword       |       |       |       |     7 |       ||     7
Throw: Javelin           |       |       |       |    17 |       ||    17
Invok: Berserk           |     1 |     1 |     3 |     3 |       ||     8
       Trog's Hand       |       |       |     3 |    13 |     1 ||    17
       Brothers in Arms  |       |       |       |    10 |       ||    10
Evoke: Wand              |       |       |     3 |     7 |       ||    10
  Use: Scroll            |       |       |       |     2 |       ||     2
       Potion            |       |       |       |     2 |       ||     2
  Eat: Chunk             |       |       |     2 |    15 |       ||    17
       Ration            |       |       |       |     1 |       ||     1
Armor: Animal skin       |     3 |       |       |       |       ||     3
       Chain mail        |       |       |    24 |    32 |       ||    56
       Plate armour      |       |       |       |    53 |     8 ||    61
Dodge: Dodged            |     8 |     4 |    28 |    69 |     8 ||   117
       Rpst.: Falchion   |     4 |       |       |       |       ||     4
       Scimitar          |       |       |    10 |     5 |       ||    15
       Great sword       |       |       |       |     1 |       ||     1
       Triple sword      |       |       |       |     1 |     3 ||     4

Table legend:
 A = Spawn XP
 B = Non-spawn XP
 C = Spawn XP percentage of total XP
 D = Spawn monster count
 E = Non-spawn monster count
 F = Spawn count percentage of total count
 G = Total turns spent on level
                    A         B        C        D         E        F      G
               +---------+---------+-------+---------+---------+-------+---------
         Total |       0 |   43219 |   0.0 |       0 |     130 |   0.0 |  1501
               +---------+---------+-------+---------+---------+-------+---------
             D |       0 |   43219 |   0.0 |       0 |     130 |   0.0 |  1501
               +---------+---------+-------+---------+---------+-------+---------
